 Dungeon Crawl Stone Soup version 0.30.1 (webtiles) character file.

Game seed: 4061586156353330700

7 javelincjr the Sneak (level 1, 0/18 HPs)
             Began as a Demonspawn Delver on July 3, 2023.
             Slain by a hound (2 damage)
             ... on level 5 of the Dungeon.
             The game lasted 00:00:45 (83 turns).

javelincjr the Sneak (Demonspawn Delver)              Turns: 83, Time: 00:00:45

Health: 0/18       AC:  4    Str: 12    XL:     1   Next: 91%
Magic:  1/1        EV: 12    Int: 11    God:
Gold:   0          SH:  0    Dex: 14    Spells: 0/0 levels left

rFire   . . .        a - +0 spear
rCold   . . .        (no shield)
rNeg    . . .        b - +0 leather armour
rPois   .            (no helmet)
rElec   .            (no cloak)
rCorr   .            (no gloves)
SInv    .            i - +0 pair of boots
Will    .....        (no amulet)
Stlth   +++          (no ring)
HPRegen 0.23/turn    (no ring)
MPRegen 0.07/turn

%: no passive effects
@: no status effects
A: no striking features
a: no special abilities


You were on level 5 of the Dungeon.
You visited 1 branch of the dungeon, and saw 2 of its levels.

Inventory:

Hand Weapons
 a - a +0 spear (weapon)
Missiles
 h - 2 datura-tipped darts (quivered)
Armour
 b - a +0 leather armour (worn)
 i - a +0 pair of boots (worn)
Wands
 g - a wand of digging (3)
Scrolls
 c - a scroll of fog
 d - a scroll of magic mapping
 e - a scroll of fear
Potions
 f - a potion of haste


   Skills:
 + Level 3.1 Fighting
 + Level 2.0 Polearms
 + Level 2.0 Dodging
 + Level 4.6 Stealth


You couldn't memorise any spells.
You didn't know any spells.
Your spell library was empty.

Dungeon Overview and Level Annotations

Branches:
Dungeon (6/15)
 Temple: D:4-7

Altars:
Dithmenos

Annotations:
D:5 Menkaure


Message History

You hit the ufetubus.
The ufetubus is almost dead.
The ufetubus closely misses you. x2; The ufetubus completely misses you.
The ufetubus hits you.
Unknown command.
You hit the ufetubus but do no damage.
The ufetubus is almost dead.
The ufetubus barely misses you. x2
You miss the ufetubus.
The ufetubus is almost dead.
The ufetubus misses you. x2; The ufetubus closely misses you.
The ufetubus hits you.
You closely miss the ufetubus.
The ufetubus is almost dead.
The ufetubus hits you but does no damage.
The ufetubus hits you.
You barely miss the ufetubus.
The ufetubus is almost dead.
The ufetubus barely misses you. x3; The ufetubus hits you.
You hit the ufetubus.
You kill the ufetubus!
Your Polearms skill increases to level 2!
Your Dodging skill increases to level 2!
You hit the hound but do no damage. The hound closely misses you.
The hound bites you but does no damage.
You miss the hound. The hound closely misses you.
You hit the hound but do no damage. The hound bites you but does no damage.
The hound bites you.
You hit the hound.
The hound is lightly wounded.
The hound bites you.
* * * LOW HITPOINT WARNING * * *
You hit the hound.
The hound is moderately wounded.
The hound misses you. The hound bites you.
* * * LOW HITPOINT WARNING * * *
You hit the hound but do no damage.
The hound is moderately wounded.
The hound bites you.
You die...

.####. ..... ##...
### ####... #..
.....# ##.##
#.##.# #####
..#####>#..###..##
###>###
#......@h.........
#8...8#
....#..###..#.#.#.
##...[.##......#
#........
#8.....8# ###.#
##.#.#.#.
##.....## #.
h..[... #8...8# #
.#.#.#. ##.....##
....... #8.....8#
....##. ##.....##


You could see a hound.

Vanquished Creatures
  An ufetubus (D:5)
  An orc (D:6)
2 creatures vanquished.

Notes
Turn   | Place    | Note
-------+----------+-------------------------------------------
     0 | D:5      | javelincjr the Demonspawn Delver began the quest for the
                  | Orb.
     0 | D:5      | Reached XP level 1. HP: 18/18 MP: 1/1
     2 | D:5      | Found a shadowy altar of Dithmenos.
     5 | D:5      | Noticed Menkaure
    23 | D:6      | Noticed a hound
    57 | D:5      | Noticed a hound
    83 | D:5      | Slain by a hound

Illustrated notes

Levels and vault maps discovered:
D:5:      layout_rooms, nicolae_overflow_quartered_altars,
          nicolae_overflow_hidden_temple, general_overflow_altar, serial_glass,
          glass_columns_b, glass_columns_a, dreamdust_princess_corridor,
          uniq_sigmund, uniq_menkaure, uniq_crazy_yiuf_cottage
D:6:      layout_gridville, grunt_temple_overflow_order_and_chaos_1,
          minmay_temple_entry_junction_2, uniq_eustachio

Skill      XL: |  1 |
---------------+----+-----
Polearms       | 2 |  2.0
Dodging        | 2 |  2.0
Fighting       | |  3.1
Stealth        | |  4.6

Action                     || total
---------------------------++-------
  Melee: Spear             ||    25
 Armour: Leather armour    ||    10
  Dodge: Dodged            ||    37
